 Dungeon Crawl Stone Soup version 0.26-a0-574-gf2b0f13 (webtiles) character file.

Game seed: 17853440694088804006

5083 ClockworkOrrery the Fighter (level 10, -8/73 HPs)
             Began as a Gargoyle Fighter on Aug 22, 2020.
             Was an Initiate of the Shining One.
             Mangled by a death yak (16 damage)
             ... on level 8 of the Dungeon.
             The game lasted 00:11:25 (5265 turns).

ClockworkOrrery the Fighter (Gargoyle Fighter)      Turns: 5265, Time: 00:11:25

Health: -8/73      AC: 17    Str: 24    XL:     10   Next: 57%
Magic:  10/10      EV:  5    Int:  8    God:    the Shining One [......]
Gold:   236        SH: 14    Dex:  9    Spells: 9/9 levels left

rFire    . . .     SeeInvis .   G - +4 flail of the Past {vorpal, rPois}
rCold    + . .     Faith    .   c - +0 kite shield
rNeg     + . .     Spirit   .   x - +0 chain mail
rPois    ∞         Reflect  +   w - +0 helmet of Valiance {rC+ Slay+3}
rElec    +         Harm     .   (no cloak)
rCorr    .                      (no gloves)
MR       .....                  (no boots)
Stlth    ..........             b - amulet of reflection
HPRegen  0.22/turn              n - ring of attention (curse)
MPRegen  0.12/turn              (no ring)

@: glowing
A: negative energy resistance 1, electricity resistance, unbreathing,
petrification resistance, rot immunity, AC +7
a: Renounce Religion


You were on level 8 of the Dungeon.
You worshipped the Shining One.
The Shining One was noncommittal.
You visited 2 branches of the dungeon, and saw 8 of its levels.

You collected 236 gold pieces.

Inventory:

Hand Weapons
 a - a +0 morningstar
 F - a +0 whip of flaming
 G - the +4 flail of the Past (weapon) {vorpal, rPois}
   (You found it on level 8 of the Dungeon)

   It inflicts extra damage upon your enemies.
   It protects you from poison.
Armour
 c - a +0 kite shield (worn)
 w - the +0 helmet of Valiance (worn) {rC+ Slay+3}
   (You took it off Robin on level 3 of the Dungeon)

   It affects your accuracy and damage with ranged weapons and melee attacks
   (+3).
   It protects you from cold.
 x - a +0 chain mail (worn)
Jewellery
 b - an amulet of reflection (around neck)
 n - a cursed ring of attention (left hand)
Wands
 p - a wand of enslavement (4)
 z - a wand of paralysis (3)
Scrolls
 f - 2 scrolls of magic mapping {unknown}
 j - 9 scrolls of remove curse {unknown}
 k - a scroll of fear {unknown}
 m - a scroll of noise {unknown}
 u - a scroll of amnesia {unknown}
 v - 2 scrolls of enchant weapon {unknown}
 y - 4 scrolls of identify {unknown}
 B - a scroll of fog {unknown}
 C - 4 scrolls of teleportation {unknown}
 D - a scroll of blinking {unknown}
 E - a scroll of enchant armour {unknown}
Potions
 d - 3 potions of might
 e - 2 potions of flight {unknown}
 g - a potion of degeneration {unknown}
 h - a potion of ambrosia {unknown}
 i - a potion of resistance {unknown}
 l - 2 potions of lignification {unknown}
 o - 2 potions of haste {unknown}
 q - a potion of invisibility {unknown}
 r - 3 potions of stabbing {unknown}
 s - 2 potions of curing {unknown}
 t - 2 potions of magic {unknown}
 A - a potion of heal wounds {unknown}


   Skills:
 * Level 13.5 Fighting
 + Level 9.1 Maces & Flails
 - Level 3.2 Armour
 - Level 3.2 Shields


You had 9 spell levels left.
You didn't know any spells.
Your spell library was empty.

Dungeon Overview and Level Annotations

Branches:
Dungeon (6/15)             Temple (1/1) D:5            Lair (0/6) D:8

Altars:
Ashenzari
Cheibriados
Dithmenos
Elyvilon
Fedhas
Gozag
Hepliaklqana
Kikubaaqudgha
Makhleb
Nemelex Xobeh
Okawaru
Qazlal
Ru
Sif Muna
Trog
Uskayaw
Vehumet
Xom
Yredelemnul
Zin
The Shining One


Innate Abilities, Weirdness & Mutations

You are resistant to torment.
Your stone body is resilient. (AC +7)
You are immune to poison.
You resist negative energy. (rN+)
You are resistant to electric shocks. (rElec)
You can survive without breathing.
You are immune to petrification.
You are immune to rotting.


Message History

You block the death yak's attack.
You sock the death yak!
You kill the death yak!
Your Maces & Flails skill increases to level 9!
You barely miss the death yak.
The death yak gores you but does no damage.
You hit the death yak.
The death yak is lightly wounded.
You block the death yak's attack. The death yak gores you!
* * * LOW HITPOINT WARNING * * *
Your shield and chain mail prevent you from hitting the death yak.
The death yak is lightly wounded.
You block the death yak's attack.
You hit the death yak.
The death yak is lightly wounded.
You block the death yak's attack.
You sock the death yak!
The death yak is moderately wounded.
The death yak gores you!
You die...

...>....# ......##
.. ##....#
...#..)..#
.........#
.........# ####
.........# ###..#
###..###.#####....#
#.# #.Y@.......# #.
#####).....## #
##........# #
##.........# #.
##..........# .
#......###..# #####.
##.....'_#..#
......##......###..#
..........##......##


You could see a death yak.

Vanquished Creatures
  4 death yaks (D:8)
  Pikel (D:5)
  The ghost of relicbr the Cleaver, an amateur HOGl (D:4)
  3 yaks (D:6)
  A water moccasin (D:8)
  4 ogres
  A lemure (D:5)
  A bullfrog (D:6)
  A gnoll sergeant (D:6)
  3 scorpions
  3 killer bees (D:6)
  3 hounds
  3 orc priests
  6 orc wizards
  5 worker ants
  Robin (D:3)
  3 gnolls (D:6)
  3 adders
  An ufetubus (D:5)
  An ooze (D:5)
  2 adder skeletons
  3 worms
  3 dart slugs
  3 leopard geckos
  21 orcs
  5 bats
  7 giant cockroaches
  13 goblins
  5 hobgoblins
  14 jackals
  2 ball pythons
  5 frilled lizards
  3 kobolds (D:1)
  A quokka skeleton (D:4)
  11 rats
147 creatures vanquished.

Notes
Turn   | Place    | Note
-------+----------+-------------------------------------------
     0 | D:1      | ClockworkOrrery the Gargoyle Fighter began the quest for
                  | the Orb.
     0 | D:1      | Reached XP level 1. HP: 14/14 MP: 1/1
   139 | D:1      | Reached XP level 2. HP: 19/20 MP: 2/2
   559 | D:1      | Reached skill level 4 in Fighting
   885 | D:1      | Reached XP level 3. HP: 24/24 MP: 3/3
  1151 | D:2      | Found a sparkling altar of Nemelex Xobeh.
  1220 | D:2      | Found a shimmering altar of Xom.
  1395 | D:2      | Found a shattered altar of Ashenzari.
  1396 | D:2      | Found a white marble altar of Elyvilon.
  1543 | D:2      | Found a hazy altar of Hepliaklqana.
  1667 | D:2      | Found a stormy altar of Qazlal.
  1801 | D:2      | Found a basalt altar of Yredelemnul.
  2091 | D:3      | Reached XP level 4. HP: 30/30 MP: 4/4
  2239 | D:3      | Reached skill level 5 in Fighting
  2245 | D:3      | Identified the +0 helmet of Valiance {rC+ Slay+3}
  2245 | D:3      | Noticed Robin
  2258 | D:3      | Killed Robin
  2463 | D:3      | Reached XP level 5. HP: 28/35 MP: 5/5
  2685 | D:4      | Noticed relicbr's ghost (amateur HOGl)
  2688 | D:4      | Found a runed translucent door.
  2706 | D:4      | Noticed an ogre
  2715 | D:4      | Killed an ogre
  2715 | D:4      | Reached skill level 6 in Fighting
  2715 | D:4      | Reached XP level 6. HP: 5/42 MP: 6/6
  2998 | D:4      | Found an opulent altar of Gozag.
  2999 | D:4      | Found a glowing silver altar of Zin.
  3207 | D:4      | Reached skill level 7 in Fighting
  3246 | D:4      | Reached XP level 7. HP: 48/48 MP: 7/7
  3479 | D:4      | HP: 1/48 [relicbr's ghost (6)]
  3497 | D:4      | Killed relicbr's ghost
  3497 | D:4      | Reached skill level 8 in Fighting
  3805 | D:5      | Entered Level 5 of the Dungeon
  3808 | D:5      | Reached skill level 5 in Maces & Flails
  3969 | D:5      | Reached XP level 8. HP: 55/55 MP: 8/8
  4003 | D:5      | Noticed Pikel
  4035 | D:5      | Killed Pikel
  4035 | D:5      | Reached skill level 9 in Fighting
  4168 | D:5      | Reached skill level 10 in Fighting
  4252 | D:5      | Found a staircase to the Ecumenical Temple.
  4264 | Temple   | Entered the Ecumenical Temple
  4684 | D:5      | Found an iron altar of Okawaru.
  4735 | D:6      | Reached XP level 9. HP: 43/63 MP: 9/9
  4835 | D:6      | Reached skill level 11 in Fighting
  5131 | D:6      | You fall into a shaft and drop 2 floors!
  5148 | D:8      | Found a glowing golden altar of the Shining One.
  5164 | D:8      | Became a worshipper of the Shining One
  5210 | D:8      | Found a staircase to the Lair.
  5210 | D:8      | Noticed a death yak
  5211 | D:8      | Noticed a death yak
  5212 | D:8      | Noticed a death yak
  5212 | D:8      | Noticed a death yak
  5212 | D:8      | Noticed a death yak
  5216 | D:8      | Got an ichor-stained flail
  5224 | D:8      | Identified the +4 flail of the Past {vorpal, rPois} (You
                  | found it on level 8 of the Dungeon)
  5234 | D:8      | Killed a death yak
  5234 | D:8      | Reached skill level 12 in Fighting
  5234 | D:8      | Reached XP level 10. HP: 38/72 MP: 10/10
  5245 | D:8      | Killed a death yak
  5253 | D:8      | Killed a death yak
  5253 | D:8      | Reached skill level 13 in Fighting
  5260 | D:8      | Killed a death yak
  5265 | D:8      | Mangled by a death yak

Illustrated notes

Levels and vault maps discovered:
D:1:      wander_arrival_lonely_grave, layout_basic
D:2:      layout_loops_corners, xom_teletrap_fun, lemuel_coloured_pillars_altar,
          nicolae_qazlal_eye_of_the_storm, marbit_many_paths,
          gammafunk_temple_overflow_statue, nemelex_spade_bored_becter
D:3:      layout_rooms, uniq_robin
D:4:      layout_gridville, grunt_temple_overflow_gold_and_silver,
          hellmonk_ghost_happy_afterlife
D:5:      layout_rooms, kennysheep_mini, minmay_temple_entry_trees,
          grunt_decor_one_mirror, uniq_pikel
D:6:      layout_rooms, minmay_misc_feat_more_columns
D:8:      layout_cave_pods, kennysheep_mini_moat, lemuel_doored_altar,
          dpeg_lair_monsters, serial_shops, nicolae_shop_statue_plus
Temple:   minmay_temple_curvy_loop

Skill      XL: |  1  2  3  4  5  6  7  8  9 10 |
---------------+-------------------------------+-----
Fighting       | 4 5 6 7 8 10 12 13 | 13.5
Maces & Flails | 3 4 5 6 8 9 |  9.1
Armour         | |  3.2
Shields        | |  3.2

Action                   |  1- 3 |  4- 6 |  7- 9 | 10-12 || total
-------------------------+-------+-------+-------+-------++-------
Melee: Flail             |   135 |   162 |   112 |    31 ||   440
       Whip              |       |       |   184 |       ||   184
  Use: Potion            |       |       |     1 |       ||     1
Armor: Scale mail        |    63 |    62 |       |       ||   125
       Chain mail        |       |    72 |   133 |     7 ||   212
Dodge: Dodged            |    53 |    53 |    37 |     4 ||   147
Block: Kite shield       |    79 |   132 |   209 |    15 ||   435
       Reflection        |       |     1 |       |       ||     1

Table legend: (Time is in decaauts)
 A = Elapsed time spent in this place.
 B = Non-inter-level travel time spent in this place.
 C = Inter-level travel time spent in this place.
 D = Time resting spent in this place.
 E = Time spent auto-exploring this place.
 F = Levels seen in this place.
 G = Mean time per level.
                   A        B        C        D        E       F      G
               +--------+--------+--------+--------+--------+-----+--------+
         Total |   5371 |   5190 |    181 |    734 |   3281 |   8 |  671.4 |
       Dungeon |   5165 |   5007 |    158 |    734 |   3099 |   7 |  737.9 |
        Temple |    205 |    182 |     23 |      0 |    182 |   1 |  205.0 |
               +--------+--------+--------+--------+--------+-----+--------+

Top non-repeatable levels by time:
     D:4: 1305 daAuts
     D:1: 1115 daAuts
     D:2: 908 daAuts
     D:5: 695 daAuts
     D:3: 585 daAuts
     D:6: 419 daAuts
  Temple: 205 daAuts
     D:8: 134 daAuts
